 Dungeon Crawl Stone Soup version 0.28.0-47-ge53b351184 (webtiles) character file.

Game seed: 17804718685631981129

61 nickcage the Vexing (level 3, 0/16 HPs)
             Began as a Spriggan Enchanter on May 3, 2022.
             Slain by a gnoll
             ... wielding a +0 halberd
              (13 damage)
             ... on level 2 of the Dungeon.
             The game lasted 00:03:43 (1875 turns).

nickcage the Vexing (Spriggan Enchanter)            Turns: 1875, Time: 00:03:43

Health: 0/16       AC:  2    Str:  4    XL:     3   Next: 83%
Magic:  2/8        EV: 18    Int: 16    God:
Gold:   53         SH:  0    Dex: 23    Spells: 6/8 levels left

rFire   . . .      SeeInvis +   d - +3 dagger
rCold   . . .      Faith    .   (no shield)
rNeg    . . .      Spirit   .   b - +0 robe
rPois   .          Reflect  .   (helmet restricted)
rElec   .          Harm     .   (no cloak)
rCorr   .          Rampage  .   (gloves unavailable)
Will    .....                   (boots unavailable)
Stlth   +++.......              (no amulet)
HPRegen 0.05/turn               l - +6 ring of dexterity
MPRegen 0.11/turn               (no ring)

@: very quick
A: very small, no large weapons, unfitting armour, see invisible, speed 3
a: no special abilities


You were on level 2 of the Dungeon.
You visited 1 branch of the dungeon, and saw 2 of its levels.

You collected 53 gold pieces.

Inventory:

Hand Weapons
 a - a +1 dagger
 d - a +3 dagger (weapon)
Armour
 b - a +0 robe (worn)
Jewellery
 f - an amulet of guardian spirit
 l - a +6 ring of dexterity (left hand)
Wands
 j - a wand of paralysis (10)
 k - a wand of polymorph (4)
Scrolls
 e - a scroll of holy word {unknown}
 i - 2 scrolls of identify {unknown}
Potions
 c - a potion of invisibility
 g - 4 potions of curing {unknown}
 h - 2 potions of heal wounds {unknown}


   Skills:
 - Level 1.1 Short Blades
 - Level 2.6 Dodging
 - Level 4.4 Stealth
 - Level 3.0 Spellcasting
 + Level 5.6 Hexes
 - Level 0.1 Ice Magic


You had 6 spell levels left.
You knew the following spells:

 Your Spells              Type           Power      Damage    Failure   Level
a - Ensorcelled Hibernat  Hex/Ice        22%        N/A       9%          2

Your spell library contained the following spells:

 Spells                   Type           Power      Damage    Failure   Level
 Confusing Touch          Hex            20%        N/A       5%          3
 Tukima's Dance           Hex            20%        N/A       5%          3
 Dazzling Flash           Conj/Hex       22%        N/A       19%         3


Dungeon Overview and Level Annotations

Branches:
Dungeon (2/15)

Altars:
Ashenzari


Innate Abilities, Weirdness & Mutations

You are very small and have problems with some larger weapons.
You are too small for most types of armour.
You have supernaturally acute eyesight. (SInv)
You cover ground extremely quickly. (Speed+++)


Message History

The frilled lizard resists with significant effort.
The frilled lizard closely misses you.
The frilled lizard resists with significant effort.
The frilled lizard closely misses you.
The frilled lizard looks drowsy...
The helpless frilled lizard fails to defend itself.
You impale the frilled lizard!!
You kill the frilled lizard!
An endoplasm comes into view.
l - a +6 ring of dexterity You feel agile.
l - a +6 ring of dexterity (left hand)
You open the door. You open the door.
Found a broken altar of Ashenzari.
There is an open door here.
Found a hunting sling.
g - 4 amethyst potions (gained 1)
Found a stone staircase leading down.
You see here a +0 hunting sling.
A gnoll comes into view. It is wielding a +0 spear.
A gnoll comes into view. It is wielding a +0 whip.
Found a stone staircase leading up.
The gnoll shouts!
The endoplasm quivers.
A gnoll comes into view. It is wielding a +0 halberd.
The endoplasm resists with significant effort.
The gnoll shouts! x2
The endoplasm hits you but does no damage.
The endoplasm looks drowsy...
The gnoll misses you.
The helpless endoplasm fails to defend itself.
You impale the endoplasm!!
You kill the endoplasm!
The gnoll hits you from afar with a +0 spear.
There are monsters nearby!
The gnoll barely misses you.
The gnoll looks drowsy...
The gnoll hits you from afar with a +0 halberd!
Ouch! That really hurt!
You die...

......._........)....#
...........#.##.####.#
...........#..#.# #.#
....#...#..#.# #.#
....#...#....# #.# ...
###.#.#..####.####.#
+.......>..........#
###..####.##.#######
#....gg@...#.#
#.#..g###..#.# #.<
#..#.# ## #..#.#
#..#.# ####.# ..#


You could see 3 gnolls.

Vanquished Creatures
  2 adders (D:2)
  A worm (D:2)
  3 dart slugs
  4 bats
  An endoplasm (D:2)
  2 goblins (D:1)
  3 hobgoblins
  5 kobolds
  A quokka (D:1)
  6 ball pythons
  3 frilled lizards
  4 rats (D:1)
35 creatures vanquished.

Notes
Turn   | Place    | Note
-------+----------+-------------------------------------------
     0 | D:1      | nickcage the Spriggan Enchanter began the quest for the
                  | Orb.
     0 | D:1      | Reached XP level 1. HP: 9/9 MP: 5/5
   175 | D:1      | Reached skill level 4 in Hexes
   413 | D:1      | Reached XP level 2. HP: 9/13 MP: 6/6
   433 | D:1      | Learned a level 2 spell: Ensorcelled Hibernation
   927 | D:1      | Found a faded altar of an unknown god.
  1391 | D:2      | Reached XP level 3. HP: 11/16 MP: 5/8
  1492 | D:2      | Reached skill level 5 in Hexes
  1831 | D:2      | Found a broken altar of Ashenzari.
  1875 | D:2      | Slain by a gnoll

Illustrated notes

Levels and vault maps discovered:
D:1:      wheals_arrival_shading, layout_basic, ebering_ecumenical_altar_hall,
          serial_park_tiny_1, dk_noncrumbling_2
D:2:      layout_basic, basic_altar, grunt_decor_cap

Skill      XL: |  1  2  3 |
---------------+----------+-----
Hexes          | 4 5 |  5.6
Spellcasting   | 3 |  3.0
Short Blades   | |  1.1
Dodging        | |  2.6
Stealth        | |  4.4
Ice Magic      | |  0.1

Action                   || total
-------------------------++-------
Melee: Dagger            ||    71
       Punch             ||     2
 Cast: Ensorcelled Hiber ||    24
 Stab: Sleeping          ||    22
       Distracted        ||     1
Armor: Robe              ||     7
Dodge: Dodged            ||    52
